Unix NetHack Version 5.0.0-0 post-release - last build May 10 2026 23:12:36 (d1fa5d53e341ca933230fdaa984d921c805b60aa,branch:main).

Game began 2026-05-12 15:55:39, ended 2026-05-12 16:06:10.

GdeVolpiano, lawful female human Archeologist

                                   ---------
                                 ##........|
          -------        -----   # |>......|
          |......#       |...| ### |.......|
          |.....|        |...| #   ------|--
          |.....|        |....##         ##
          |......####    |...|            #               --------
          |..>..|        |<..|          ##.########       |......|
          |.....-##      ---.-          #.........#     ##-......|
          ------- #        ##           #..{{.....#     # |......|
                  ###      #            #{.{......#     # --------
                    #      #            #...###...#    ##
                    #   ---|---         #{..# #...-#####
                    ##  |.....|         #.{.###...#
                     ###@Z....|         #.........#
                        |..n..|         #.{.......#
                        ---|---         #.........#
                           #            ###########

GdeVolpiano the Field Worker  St:11 Dx:11 Co:14 In:16 Wi:17 Ch:8  Lawful
Dlvl:4  $:80 HP:0(22) Pw:16(16) AC:10 Xp:4 T:1487 

Latest messages:
 The wood nymph pretends to be friendly to Winston.
 The wood nymph tries to rob you, but isn't interested in gold.
 The wood nymph vanishes!
 You attack thin air.
 The wood nymph appears next to you!
 You hit the wood nymph.
 Winston bites the wood nymph.
 The wood nymph pretends to be friendly to Winston.
 The wood nymph pretends to be friendly to Winston.
 You kill the wood nymph!
 You swap places with Winston.
 The wood nymph appears close by!
 You hit the wood nymph.
 Winston misses the wood nymph.
 Winston misses the wood nymph.
 Winston bites the wood nymph.
 The wood nymph smiles at Winston engagingly.
 The wood nymph smiles at Winston engagingly.
 Winston bites the wood nymph.
 The wood nymph is killed!
 i - a white potion.
 r - an engagement ring.
 You see here a looking glass.
 D - a looking glass.
 What do you want to use or apply? [D or ?*]
 You don't have that object.
 What do you want to use or apply? [D or ?*]
 Never mind.
 Where do you want to travel to?
 (For instructions type a '?')
 You miss the elf zombie.
 The elf zombie hits!
 You miss the elf zombie.
 You hit the elf zombie.
 You hit the elf zombie.
 You hit the elf zombie.
 The elf zombie hits!
 You miss the elf zombie.
 The elf zombie hits!
 You miss the elf zombie.
 The elf zombie hits!
 You miss the elf zombie.
 You hit the elf zombie.
 The elf zombie hits!
 The wood nymph stole a white potion.
 The wood nymph vanishes!
 You hit the elf zombie.
 The elf zombie hits!
 You die...
 Do you want your possessions identified? [ynq] (y)

Inventory:
 Coins    ('$')
  $ - 80 gold pieces
 Rings    ('=')
  r - an uncursed ring of regeneration
 Tools    ('(')
  D - an uncursed mirror

GdeVolpiano the Archeologist's attributes:

Background:
 You were a Field Worker, a level 4 female human Archeologist.
 You were lawful, nominally on a mission for Quetzalcoatl
 who was opposed by Camaxtli (neutral) and Huhetotl (chaotic).
 You were right-handed.
 You were in the Dungeons of Doom, on level 4.
 You entered the dungeon 1487 turns ago.
 You had 124 experience points, 36 more were needed to attain level 5.

Basics:
 You had 0 out of 22 hit points.
 You had all 16 energy points (spell power).
 Your armor class was 10.
 Your wallet contained 80 zorkmids.
 Autopickup was on for '$?!/="+' plus thrown, with exceptions.

Final Characteristics:
 Your strength was 11 (limit:18/100).
 Your dexterity was 11 (limit:18).
 Your constitution was 14 (limit:18).
 Your intelligence was 16 (limit:18).
 Your wisdom was 17 (limit:18).
 Your charisma was 8 (limit:18).

Final Status:
 You weren't hungry.
 You were unencumbered.
 You were bare handed.
 You were unskilled in bare handed combat.
 You weren't wearing any armor.

Final Attributes:
 You were devoutly aligned.
 You had automatic searching.
 You are dead.

Miscellaneous:
 You didn't encounter any bones levels.
 Total elapsed playing time was 10 minutes and 30 seconds.

Major events:
 Turn
    1: GdeVolpiano the lawful female human Archeologist entered the dungeon
  722: attained the rank of Field Worker (level 3)
 1100: entered the Gnomish Mines
 1487: killed by an elf zombie

You didn't know any spells.

Skills:
 Fighting Skills
   bare handed combat [Unskilled]
   two weapon combat  [Unskilled]
   riding             [Unskilled]
 Weapon Skills
   dagger             [Unskilled]
   knife              [Unskilled]
   pick-axe           [Basic]
   short sword        [Unskilled]
   saber              [Unskilled]
   club               [Unskilled]
   quarterstaff       [Unskilled]
   sling              [Unskilled]
   dart               [Unskilled]
   boomerang          [Unskilled]
   whip               [Basic]
   unicorn horn       [Unskilled]
 Spellcasting Skills
   attack spells      [Unskilled]
   healing spells     [Unskilled]
   divination spells  [Unskilled]
   matter spells      [Unskilled]

Voluntary challenges:
 Character rerolling was not enabled.
 You were an atheist.
 You never genocided any monsters.
 You never polymorphed an object.
 You never changed form.
 You used no wishes.
Achievements:
 You attained the rank of Field Worker.
 You entered a shop.
 You entered the Gnomish Mines.

 The Dungeons of Doom: levels 1 to 5
    Level 1:
       A fountain.
    Level 2:
    Level 3:
       A general store, a fountain.
    Level 4: <- You were here.
       Many fountains, many trees.
       Stairs down to The Gnomish Mines.
       Final resting place for
          you, killed by an elf zombie.
    Level 5:
 The Gnomish Mines:
    Level 5:


Vanquished creatures:
  4 wood nymphs
  a little dog
  a homunculus
  2 acid blobs
  a coyote
  6 manes
  2 giant rats
  3 cave spiders
  2 yellow molds
  2 gnome zombies
  3 geckos
  4 jackals
  a kobold
  a goblin
  5 grid bugs
  a bat
  3 lichens
  3 kobold zombies
  5 newts
50 creatures vanquished.

No species were genocided or became extinct.

Game over:
                       ----------
                      /          \
                     /    REST    \
                    /      IN      \
                   /     PEACE      \
                  /                  \
                  |   GdeVolpiano    |
                  |      80 Au       |
                  | killed by an elf |
                  |      zombie      |
                  |                  |
                  |                  |
                  |       2026       |
                 *|     *  *  *      | *
        _________)/\\_//(\/(/\)/\//\/|_)_______

Goodbye GdeVolpiano the Archeologist...

You died in The Dungeons of Doom on dungeon level 4 with 768 points,
and 80 pieces of gold, after 1487 moves.
You were level 4 with a maximum of 22 hit points when you died.

